Map: Deathaura LE

Players

TheZergLord

  • Race: Zerg Zerg
  • Spawn Location: 5:00

Cham - Winner!

  • Race: Zerg Zerg
  • League: Grandmaster
  • Spawn Location: 11:00

Event: DreamHack SC2 Masters 2020 Winter

VOD

Have the link to the VOD?

Description

Time

  • Played on: Oct. 22, 2020, 5:01 p.m.
  • Length: 5:46

All games in this series

Show
View Real Time Build Order
Export as new Build Order

TheZergLord Zerg 

Build Orders: Hatch First 

Get SALT Encoding   

  12  0:00  Drone  
  13  0:12  Overlord  
  13  0:17  Drone  
  14  0:31  Drone  
  14  0:32  Drone  
  16  0:48  Hatchery  
  15  0:53  Drone  
  15  0:55  Drone  
  17  0:59  Drone  
  18  1:10  Extractor  
  17  1:14  Spawning Pool  
  17  1:17  Drone  
  17  1:20  Drone  
  18  1:28  Drone  
  19  1:41  Drone  
  20  1:51  Drone  
  21  2:01  Queen x2  
  23  2:02  Overlord  
  23  2:03  Zergling x2  
  26  2:13  Drone x2  
  28  2:25  Hatchery  
  28  2:26  Zergling x2  
  28  2:28  Drone  
  29  2:32  Drone  
  29  2:33  Drone  
  31  2:41  Queen  
  33  2:47  Overlord  
  33  2:51  Drone  
  34  2:57  Drone x2  
  35  3:06  Drone x2  
  35  3:08  Drone  
  35  3:12  Roach Warren, Overlord  
  37  3:16  Drone  
  38  3:23  Drone x2  
  38  3:26  Evolution Chamber  
  39  3:30  Drone x2  
  39  3:31  Drone  
  42  3:35  Overlord  
  42  3:36  Drone  
  42  3:39  Extractor  
  42  3:40  Extractor  
  41  3:42  Overlord  
  41  3:45  Drone x2  
  43  3:54  Roach x3  
  49  4:00  Lair  
  49  4:08  Drone  
  49  4:09  Drone x3  
  43  4:25  Roach x4  
  50  4:33  Roach  
  50  4:34  Roach x2  
  53  4:42  Roach x2  
  56  4:53  Roach  
  56  4:54  Roach x3  
  64  5:03  Roach  
  66  5:09  Roach  
  68  5:16  Overlord  
  68  5:18  Overlord  
  66  5:24  Overlord  
Show
View Real Time Build Order
Export as new Build Order

Cham Zerg - Winner!

Build Orders: Hatch First 

Get SALT Encoding   

  12  0:00  Drone  
  13  0:08  Drone  
  14  0:17  Overlord  
  15  0:35  Drone x2  
  16  0:46  Hatchery  
  15  0:50  Drone  
  15  0:55  Drone  
  17  0:58  Drone  
  18  1:09  Extractor  
  17  1:13  Spawning Pool  
  17  1:16  Drone  
  17  1:19  Drone  
  18  1:29  Drone  
  19  1:59  Overlord  
  19  2:00  Queen x2, Zergling x2  
  19  2:01  Zergling x2  
  25  2:02  Drone  
  26  2:10  Drone  
  26  2:12  Metabolic Boost  
  26  2:13  Drone  
  28  2:21  Drone  
  29  2:24  Drone  
  30  2:34  Hatchery  
  29  2:40  Drone x2  
  31  2:47  Baneling Nest  
  31  2:51  Overlord  
  30  3:05  Zergling x6  
  31  3:07  Drone  
  31  3:10  Drone  
  31  3:11  Drone x3  
  37  3:19  Zergling x8  
  41  3:22  Zergling x2  
  42  3:31  Overlord  
  42  3:32  Baneling x3  
  42  3:34  Zergling x2  
  42  3:39  Roach Warren  
  42  3:41  Drone  
  43  3:46  Drone  
  43  3:47  Drone x2  
  46  3:49  Drone  
  46  3:51  Drone  
  46  3:53  Drone  
  49  3:56  Drone  
  49  4:01  Drone, Evolution Chamber  
  50  4:04  Drone x2  
  52  4:14  Drone  
  48  4:25  Zergling x10  
  48  4:26  Roach x2  
  48  4:27  Drone  
  57  4:34  Drone  
  57  4:35  Drone  
  57  4:36  Overlord x2  
  58  4:39  Overlord  
  58  4:45  Overlord  
  57  4:46  Lair  
  57  4:48  Extractor  
  57  4:49  Extractor  
  54  4:53  Queen, Overlord  
  54  4:57  Drone  
  54  4:58  Roach  
  60  5:00  Roach  
  60  5:02  Overlord  
  60  5:08  Roach, Overlord  
  60  5:13  Spine Crawler  
  61  5:15  Roach  
  61  5:19  Roach, Zergling x2  
  61  5:20  Zergling x2  
  66  5:22  Roach  
  66  5:24  Roach  
  70  5:29  Zergling x4  
Tags
 
Add a new tag
Caveats
  • Supply blocks, unpowered buildings, or Contaminate may cause inaccurate times.
  • Supply counts are checked every 10 seconds.